 Dungeon Crawl Stone Soup version 0.31.0-11-ge490571c62 (webtiles) character file.

Game seed: 15003251942580477834

1546148 greynaab the Acrobat (level 27, 165/165 HPs)
             Began as a Kobold Berserker on Feb 4, 2024.
             Was a High Priest of Trog.
             Escaped with the Orb
             ... and 3 runes on Feb 6, 2024!
             The game lasted 05:30:01 (79163 turns).

greynaab the Acrobat (Kobold Berserker)            Turns: 79163, Time: 05:30:01

Health: 165/165    AC: 27    Str: 13    XL:     27
Magic:  25/25      EV: 33    Int: 16    God:    Trog [*****.]
Gold:   3045       SH: 23    Dex: 30    Spells: 26/26 levels left

rFire   + + +        a - +7 quick blade "Qenk" {flame, SInv}
rCold   + + .        u - +5 kite shield {reflect}
rNeg    + + .        O - +0 scale mail of Intuition {+Blink rC+ Will++ Str+2}
rPois   +            x - +2 helmet
rElec   +            e - scarf {rC+ rF+}
rCorr   +            X - +3 pair of gauntlets of War {Slay+5}
SInv    +            y - +2 pair of boots of the Ornamental God {rElec rF+ Int+6}
Will    ++++.        v - amulet of Knowledge {Acrobat rPois rF+++ Str-2}
Stlth   +++          W - ring of Fatun {*Slow rN++ AC+4}
HPRegen 0.47/turn    G - ring of resist corrosion
MPRegen 0.19/turn

%: slow self (1%), reflection, acrobat, clarity
@: studying 3 skills
A: small, no large weapons, nightstalker 3, iridescent scales 1, thin skeletal
structure 2, clarity, frail 1, high MP 1, weak 1
0: Orb of Zot
}: 3/15 runes: serpentine, barnacled, slimy
a: Renounce Religion, Evoke Blink, Berserk, Trog's Hand, Brothers in Arms


You escaped.
You worshipped Trog.
Trog was extremely pleased with you.
You visited 10 branches of the dungeon, and saw 51 of its levels.
You visited 1 bazaar.
You also visited: Trove, Ossuary, Gauntlet, Ice Cave and Desolation.

You collected 8198 gold pieces.
You spent 5153 gold pieces at shops.

Inventory:

Hand Weapons
 a - the +7 quick blade "Qenk" (weapon) {flame, SInv}
   (You acquired it in a Gauntlet)

   SInv:      It lets you see invisible.
 b - the +8 autumn katana {manifold assault}
   (You acquired it on level 1 of the Realm of Zot)
 w - a +9 quick blade of freezing
Missiles
 g - 2 throwing nets
 D - a curare-tipped dart
 L - 32 poisoned darts (quivered)
Armour
 e - a scarf of resistance (worn)
 u - a +5 kite shield of reflection (worn)
 x - a +2 helmet (worn)
 y - the +2 pair of boots of the Ornamental God (worn) {rElec rF+ Int+6}
   (You acquired it on level 2 of the Shoals)

   Int+6:     It affects your intelligence (+6).
   rF+:       It protects you from fire.
   rElec:     It insulates you from electricity.
 O - the +0 scale mail of Intuition (worn) {+Blink rC+ Will++ Str+2}
   (You found it in the Desolation of Salt)

   Str+2:     It affects your strength (+2).
   rC+:       It protects you from cold.
   Will++:    It greatly increases your willpower.
   +Blink:    It lets you blink.
 X - the +3 pair of gauntlets of War (worn) {Slay+5}
   (You found it in a Gauntlet)

   Slay+5:    It affects your accuracy & damage with ranged weapons and melee
   (+5).
Jewellery
 q - the ring of Joy {Will+ Str+4}
   (You found it in a Gauntlet)

   [ring of willpower]

   Str+4:     It affects your strength (+4).
   Will+:     It increases your willpower.
 v - the amulet of Knowledge (around neck) {Acrobat rPois rF+++ Str-2}
   (You found it on level 5 of the Pits of Slime)

   [amulet of the acrobat]

   Acrobat:   It increases your evasion while moving and waiting.
   Str-2:     It affects your strength (-2).
   rF+++:     It renders you almost immune to fire.
   rPois:     It protects you from poison
 G - a ring of resist corrosion (right hand)
 N - the ring "Cakoep" {Fire *Slow rPois rCorr SInv Stlth+}
   (You found it in the Desolation of Salt)

   [ring of fire]

   Fire:      It enhances your fire magic.
   rF+:       It protects you from fire.
   rC-:       It makes you vulnerable to cold.
   rPois:     It protects you from poison SInv: It lets you see invisible.
   rCorr:     It protects you from acid and corrosion.
   *Slow:     It may slow you when you take damage.
   Stlth+:    It makes you more stealthy.
 T - the ring of Conversion {rPois rF+ rC++ Str-4 Slay-3}
   (You found it on level 2 of the Depths)

   [ring of protection from fire]

   Str-4:     It affects your strength (-4).
   Slay-3:    It affects your accuracy & damage with ranged weapons and melee
   (-3).
   rF+:       It protects you from fire.
   rC++:      It greatly protects you from cold.
   rPois:     It protects you from poison
 W - the ring of Fatun (left hand) {*Slow rN++ AC+4}
   (You bought it in a shop on level 2 of the Orcish Mines)

   [ring of protection]

   AC+4:      It affects your AC (+4).
   rN++:      It greatly protects you from negative energy.
   *Slow:     It may slow you when you take damage.
Talismans
 E - a granite talisman
Wands
 s - a wand of flame (114)
 A - a wand of digging (4)
 B - a wand of mindburst (42)
 C - a wand of charming (33)
 H - a wand of iceblast (21)
 I - a wand of light (11)
Scrolls
 c - 7 scrolls of noise
 h - 5 scrolls of silence
 i - a scroll of immolation
 k - 10 scrolls of poison
 t - 9 scrolls of vulnerability
 z - a scroll of fog
 F - 13 scrolls of teleportation
 S - 15 scrolls of fear
 Y - 6 scrolls of torment
Potions
 d - a potion of might
 f - 10 potions of curing
 m - 12 potions of lignification
 n - 2 potions of invisibility
 o - 6 potions of berserk rage
 p - 5 potions of mutation
 r - 8 potions of ambrosia
 J - a potion of haste
 K - 4 potions of resistance
 M - 3 potions of enlightenment
 R - 8 potions of attraction
Miscellaneous
 P - a lightning rod (4/4)
 Q - a phantom mirror
 V - a sack of spiders


   Skills:
 + Level 21.9 Fighting
 - Level 17.5(22.0) Short Blades
 - Level 14.8(16.4) Long Blades
 - Level 4.6 Throwing
 + Level 14.2 Armour
 + Level 22.8 Dodging
 - Level 17.9 Stealth
 - Level 17.9 Shields
 - Level 16.1 Evocations
 - Level 16.0 Shapeshifting


You had 26 spell levels left.
You didn't know any spells.
Your spell library contained the following spells:

 Spells                   Type           Power      Damage    Failure   Level
 Kiss of Death            Conj/Necr      0%         2d5       77%         1
 Scorch                   Fire           0%         2d5       88%         2
 Searing Ray              Conj           0%         2d4       88%         2
 Call Canine Familiar     Summ           0%         N/A       98%         3
 Dazzling Flash           Conj/Hex       0%         N/A       98%         3
 Stone Arrow              Conj/Erth      0%         3d7       98%         3
 Anguish                  Hex/Necr       0%         N/A       100%        4
 Animate Armour           Summ/Erth      0%         N/A       100%        4
 Ignite Poison            Fire/Alch      0%         N/A       100%        4
 Martyr's Knell           Necr/Summ      0%         N/A       100%        4
 Summon Blazeheart Golem  Fire/Summ      0%         N/A       100%        4
 Arcjolt                  Conj/Air       0%         1d10      100%        5
 Bombard                  Conj/Erth      0%         9d1       100%        6
 Sculpt Simulacrum        Ice/Alch       0%         N/A       100%        6
 Starburst                Conj/Fire      0%         6d3       100%        6
 Monstrous Menagerie      Summ           0%         N/A       100%        7
 Ozocubu's Refrigeration  Ice            0%         4d7       100%        7
 Spellforged Servitor     Conj/Summ      0%         N/A       100%        7
 Summon Hydra             Summ           0%         N/A       100%        7
 Polar Vortex             Ice            0%         N/A       100%        9


Dungeon Overview and Level Annotations

Branches:
Dungeon (15/15)            Temple (0/1) D:6            Lair (5/5) D:8
 Shoals (4/4) Lair:2        Snake (4/4) Lair:3        Slime (5/5) Lair:5
    Orc (2/2) D:12            Elf (3/3) Orc:2        Vaults (4/5) D:14
  Crypt (0/3) Vaults:3     Depths (4/4) D:15            Zot (5/5) Depths:4
Ossuary (visited)           IceCv (visited)         Desolation (visited)
Gauntlet (visited)

Altars:
Ashenzari
Dithmenos
Elyvilon
Fedhas
Gozag
Kikubaaqudgha
Makhleb
Nemelex Xobeh
Okawaru
Ru
Sif Muna
Trog
Uskayaw
Vehumet
Xom
Zin
The Shining One
Jiyva
Lugonu

Shops:
D:11 [!(   Orc:2 =**=   Elf:2 *   Shoals:1 [   Snake:1 *=?*(   Snake:3 *
Vaults:1 *(=

Portals:
Hell: Lair:5 Depths:1 Depths:2 Depths:3 Depths:4
Abyss: Depths:2 Depths:3 Depths:4
Pandemonium: Depths:1 Depths:2 Depths:4
Ziggurat: Depths:4

Annotations:
Zot:4 3 runed translucent doors, Sebriys's ghost, legendary TrBe


Innate Abilities, Weirdness & Mutations

You are small and have problems with some larger weapons.
You are completely attuned to the shadows.
You are partially covered in iridescent scales. (AC +2)
You have a moderately thin skeletal structure. (Dex +4, Stealth++)
You possess an exceptional clarity of mind.
You are frail. (-10% HP)
You have an increased reservoir of magic. (+10% MP)
You are weak. (Str -2)


Message History

The soul eater hits you. You partially resist.
You hit the soul eater. You burn the soul eater. You puncture the soul eater!
You burn the soul eater.
You kill the soul eater!
Trog accepts your kill.
Aiming: Dig
Press: ? - help, Shift-Dir - straight line A rock wall.
This square is covered in magical glow.
The rock shatters into small pieces.
Aiming: Dig
Press: ? - help, Shift-Dir - straight line A rock wall.
This square is covered in magical glow.
The rock shatters into small pieces.
You recover from your berserk rage.
A hell hound comes into view.
A hell hound comes into view.
There is an open door here.
A hell hound comes into view.
You block the hell hound's attack. x2
You block the hell hound's attack. You block the hell hound's attack. x2
The hell hound breathes flames at you. The blast of flame misses you.
The hell hound attacks as it pursues you!
You block the hell hound's attack.
There is an open door here.
The hell hound completely misses you. The hell hound breathes flames at you.
The blast of flame hits the hell hound.
The hell hound completely resists.
The blast of flame misses you.
There is a staircase leading out of the dungeon here.
Unknown command.
You block the hell hound's attack. The hell hound breathes flames at you.
The blast of flame misses you. The hell hound breathes flames at you.
The blast of flame misses you.
You have escaped!

#.......#...'....####.# #
#.......#.8.#.......#.# #
#...........#....##.#.# ##
##....###...#.......#.#####.
#[.....##.###.###.......[#. ##
##..##.######'# #....#####. .#
##.#.#..##..h..# ###..####.#
.#####.##....##..hh.# #....##.)..
......#####..##.@##.###..#......#
..###.## #####.....##..##.###..#
.......## #.....######.# #..#
........# ####### #.###.##
..#.#...# ##### #[....# #.......#
#...#########.### ....#...#
#...##......#.#
#.#.#...########...##.####.#.#
#.......#..................#.####


You could see 3 hell hounds.

Vanquished Creatures
  the Royal Jelly (Slime:5)
  5 dread liches (Zot:5)
  3 orbs of fire (Zot:5)
  Mara (Depths:1)
  3 ancient liches (Zot:5)
  Sojobo (Depths:3)
  4 Killer Klowns (Zot:5)
  7 caustic shrikes (Depths:4)
  4 curse toes
  Jory (Depths:2)
  6 golden dragons
  Norris (Elf:2)
  Nikola (Snake:1)
  the Enchantress (Depths:4)
  4 electric golems
  3 bone dragons
  A pandemonium lord (D:3)
  The ghost of Hacaob the Warrior, an adept MiFi of the Shining One (Vaults:3)
  Rupert (Orc:2)
  5 deep elf blademasters
  Mlioglotl (Shoals:3)
  12 tentacled monstrosities
  27 Orb Guardians
  2 liches
  10 quicksilver dragons
  12 death cobs
  5 sphinxes
  12 acid blobs
  5 tengu reavers
  Polyphemus (Shoals:2)
  Aizul (Snake:1)
  12 storm dragons
  Kirke (D:15)
  6 azure jellies (Slime:5)
  Donald (Shoals:3)
  7 shadow dragons
  2 protean progenitors (Zot:2)
  The ghost of Gasan the Black Sun, a journeyman DrFE of Kikubaaqudgha (D:13)
  4 nagarajas
  A draconian knight (Zot:4)
  Ilsuiw (Shoals:2)
  2 draconian monks
  9 fire giants
  7 rockslimes (Slime:5)
  9 ghost moths
  4 frost giants
  2 iron dragons (Depths:3)
  8 vault wardens
  5 draconian shifters
  2 imperial myrmidons (Desolation)
  6 deep elf sorcerers (Elf:3)
  Louise (Shoals:3)
  3 draconian scorchers
  2 angels
  A balrug (Depths:3)
  6 deep elf elementalists
  4 draconian stormcallers
  A juggernaut zombie (Depths:2)
  14 ironbound preservers
  11 stone giants
  A reaper (IceCv)
  6 spriggan defenders
  A cacodemon (Depths:2)
  7 very ugly things
  10 quicksilver oozes
  3 formless jellyfish
  6 vampire knights (Depths:2)
  8 ironbound thunderhulks
  2 apis (Shoals:4)
  4 green draconians
  9 purple draconians
  2 white draconians
  A lorocyproca (Depths:4)
  7 deep elf death magi
  5 black draconians
  2 halazid warlocks (Desolation)
  5 deep elf demonologists (Elf:3)
  3 spark wasps (Depths:1)
  A demonspawn black sun (Depths:1)
  4 yellow draconians
  3 war gargoyles
  7 deep elf annihilators
  Snorg (D:10)
  8 red draconians
  3 dire elephants
  A minotaur (Gauntlet)
  2 blizzard demons (Depths:3)
  12 eidola (Depths:2)
  2 crystal guardians
  3 fire dragons
  3 green deaths
  Josephine (D:11)
  7 merfolk impalers
  12 merfolk javelineers
  7 ettins
  The ghost of Livid the Mimic, a journeyman OpSh of Uskayaw (Lair:2)
  9 yaktaur captains
  8 ragged hierophants (Desolation)
  5 deep elf high priests
  3 great orbs of eyes
  An entropy weaver (shapeshifter) (D:13)
  A sphinx zombie (D:15)
  11 peacekeepers
  7 ice dragons
  3 rakshasas
  7 servants of whispers (Desolation)
  16 vault guards
  3 salamander tyrants (Snake:4)
  2 entropy weavers
  8 hydras
  3 alligator snapping turtles
  6 ironbound frosthearts
  7 centaur warriors
  10 merfolk aquamancers
  2 alligators (Zot:2)
  2 catoblepae
  10 anacondas
  3 hell beasts
  8 spriggan air magi
  17 death yaks
  4 boulder beetles
  8 deep troll shamans
  A two-headed ogre (D:9)
  26 dancing weapons
  5 orc high priests
  3 satyrs
  10 tengu warriors
  8 naga warriors
  A vampire mage (D:15)
  11 shock serpents
  6 deep troll earth magi
  9 spriggan berserkers
  7 naga sharpshooters
  13 deep elf knights
  2 occultists
  8 soul eaters
  5 hell knights (Depths:2)
  A fire crab (shapeshifter) (D:15)
  3 salamander mystics
  7 skeletal warriors
  10 sea snakes
  7 skysharks
  6 shadow wraiths (Depths:2)
  2 death drakes (Zot:1)
  4 iron trolls
  A spark wasp zombie (Depths:2)
  4 flayed ghosts
  4 sixfirhies
  7 glowing orange brains
  3 arcanists
  A storm dragon skeleton (D:15)
  3 cherubim (Shoals:4)
  An obsidian statue (Depths:3)
  A shadow demon (Depths:4)
  7 naga ritualists
  13 mana vipers
  38 deep trolls
  17 ironbound convokers
  12 deep elf archers
  Pikel (D:5)
  11 phantasmal warriors
  5 harpies
  4 necromancers (Depths:2)
  3 lindwurms
  26 deep elf pyromancers
  5 orc knights
  25 deep elf zephyrmancers
  26 ugly things
  An oklob plant (Gauntlet)
  A faun (shapeshifter) (Depths:3)
  9 orc sorcerers
  7 cyclopes
  12 fauns
  12 salamanders
  3 shining eyes
  9 manticores
  24 moths of wrath
  5 elephants (Lair:5)
  A draconian skeleton (Zot:1)
  2 kobold blastminers (Orc:2)
  12 guardian serpents
  6 merfolk sirens
  3 rust devils
  An ice statue (IceCv)
  2 torpor snails (Lair:5)
  3 smoke demons
  15 vault sentinels
  A water nymph (Shoals:3)
  4 eyes of devastation
  32 black mambas
  6 orange demons
  A torpor snail (shapeshifter) (Elf:2)
  10 cane toads
  An elf skeleton (Vaults:2)
  6 naga magi
  A freezing wraith (D:15)
  Jeremiah (D:9)
  6 rime drakes
  21 yaktaurs
  3 efreet
  A hellion (Depths:3)
  A komodo dragon (shapeshifter) (D:15)
  2 kobold demonologists (D:13)
  An anaconda simulacrum (IceCv)
  4 ice devils
  4 komodo dragons
  A guardian mummy (Zot:1)
  10 tengu conjurers
  3 red devils
  A queen bee (shapeshifter) (Elf:2)
  3 trolls
  A yaktaur skeleton (Vaults:2)
  6 hornets
  13 merfolk
  2 polar bears (Lair:5)
  6 wind drakes
  A hellwing (Depths:3)
  60 saltlings (Desolation)
  An elf simulacrum (Vaults:2)
  2 tengu simulacra (Depths:2)
  Grinder (D:3)
  8 blink frogs
  2 snapping turtles
  11 dream sheep
  74 slime creatures
  2 glass eyes
  7 wraiths
  A vampire (D:9)
  3 shadows
  4 wyverns
  8 spriggans
  A ynoxinul (D:6)
  4 air elementals
  12 water elementals
  A basilisk (Lair:5)
  13 golden eyes
  41 yaks
  5 fire elementals
  A redback (Vaults:2)
  13 vampire mosquitoes
  A neqoxec (Depths:3)
  4 hogs (D:15)
  4 steam dragons
  A death yak simulacrum (IceCv)
  A harpy simulacrum (IceCv)
  30 nagas
  A hydra simulacrum (IceCv)
  A glowing shapeshifter zombie (Depths:2)
  An acid dragon (shapeshifter) (D:13)
  2 acid dragons
  4 hell hounds (Lair:5)
  Duvessa (D:4)
  9 orc warriors
  12 water moccasins
  2 laughing skulls (D:14)
  An ettin simulacrum (Vaults:2)
  2 ice beasts
  3 sky beasts
  2 black bears
  10 ogres
  8 centaurs
  4 lemures (D:5)
  2 phantoms
  9 bullfrogs
  6 kobold brigands
  2 scorpions
  An earth elemental (Elf:1)
  4 two-headed ogre simulacra (IceCv)
  A cane toad simulacrum (IceCv)
  A burial acolyte (Ossuary)
  11 wights
  Dowan (D:4)
  3 elephant simulacra (IceCv)
  13 killer bees
  2 howler monkeys
  A crimson imp (Gauntlet)
  5 jellies
  2 bombardier beetles
  4 hounds
  17 orc priests
  A gnoll bouda (D:7)
  3 sleepcaps
  Ijyb (D:5)
  2 iguanas (D:6)
  A hell rat (Lair:5)
  26 orc wizards
  4 troll simulacra (IceCv)
  A spriggan simulacrum (IceCv)
  A wolf simulacrum (IceCv)
  2 mummies
  6 gnolls
  10 adders
  5 naga simulacra (IceCv)
  A shadow imp (D:7)
  7 white imps
  10 ufetubi
  4 dart slugs
  4 ribbon worms
  67 orcs
  7 endoplasms
  2 giant cockroaches (D:2)
  10 goblins
  8 hobgoblins
  3 jackals (D:4)
  5 quokkas
  6 ball pythons
  10 bats
  6 gnoll skeletons (Ossuary)
  A hobgoblin zombie (D:4)
  24 kobolds
  9 kobold skeletons (Ossuary)
  A kobold zombie (D:4)
  5 orc skeletons (Ossuary)
  4 rats
1974 creatures vanquished.

Vanquished Creatures (collateral kills)
  A dread lich (Zot:5)
  An acid blob (Slime:5)
  A death cob (Zot:1)
  A rockslime (Slime:5)
  An iron dragon (Depths:3)
  A deep elf sorcerer (Elf:3)
  A draconian annihilator (Zot:1)
  A deep elf annihilator (Elf:3)
  3 slime creatures (Vaults:2)
  A fire dragon (Depths:3)
  A deep elf high priest (Elf:3)
  2 ragged hierophants (Desolation)
  A servant of whispers (Desolation)
  A salamander tyrant (Snake:4)
  3 peacekeepers
  A death knight (D:15)
  An ironbound frostheart (Vaults:3)
  2 centaur warriors (Vaults:3)
  A tengu warrior (Depths:3)
  A deep troll earth mage (Depths:4)
  2 naga sharpshooters (Snake:4)
  An iron troll (Depths:4)
  A sea snake (Shoals:2)
  6 deep trolls
  An arcanist (Vaults:2)
  3 necromancers
  3 harpies (Shoals:2)
  An ugly thing (Vaults:2)
  A human zombie (Vaults:2)
  A black mamba (Snake:4)
  A vault sentinel (Vaults:2)
  2 guardian serpents (Snake:4)
  10 saltlings (Desolation)
  A wraith (D:15)
  A naga (Snake:4)
61 creatures vanquished.

Vanquished Creatures (others)
  A draconian shifter (Zot:1)
  A draconian scorcher (Zot:1)
  A demonspawn blood saint (Depths:1)
  A deep elf annihilator (Elf:3)
  2 deep elf pyromancers
  2 merfolk sirens
  A red devil (Depths:3)
  A merfolk (Shoals:2)
  A hornet (Depths:3)
  A yak (Lair:5)
  An orc (Elf:1)
13 creatures vanquished.

Grand Total: 2048 creatures vanquished

Notes
Turn   | Place    | Note
-------+----------+-------------------------------------------
     0 | D:1      | greynaab the Kobold Berserker began the quest for the Orb.
     0 | D:1      | Reached XP level 1. HP: 14/14 MP: 1/1
   103 | D:1      | Reached skill level 1 in Stealth
   103 | D:1      | Reached XP level 2. HP: 13/19 MP: 2/2
   470 | D:1      | Reached XP level 3. HP: 23/23 MP: 3/3
   507 | D:1      | Reached skill level 5 in Short Blades
   586 | D:1      | Reached ** piety under Trog
   920 | D:2      | Reached XP level 4. HP: 28/28 MP: 4/4
  1353 | D:2      | Reached XP level 5. HP: 32/32 MP: 5/5
  1838 | D:3      | Noticed Grinder
  1840 | D:3      | Killed Grinder
  1841 | D:3      | Reached skill level 5 in Stealth
  1841 | D:3      | Reached XP level 6. HP: 37/37 MP: 6/6
  1872 | D:3      | Found a shimmering altar of Xom.
  2054 | D:3      | Reached *** piety under Trog
  2065 | D:3      | Found a blossoming altar of Fedhas.
  2355 | D:3      | Reached XP level 7. HP: 41/41 MP: 7/7
  2861 | D:4      | Found a sand-covered staircase.
  2873 | Ossuary  | Entered an ossuary
  3062 | Ossuary  | Found an ancient bone altar of Kikubaaqudgha.
  3455 | D:4      | Noticed Duvessa
  3456 | D:4      | Noticed Dowan
  3467 | D:4      | Killed Duvessa
  3468 | D:4      | Reached XP level 8. HP: 46/46 MP: 8/8
  3473 | D:4      | Killed Dowan
  3474 | D:4      | Reached skill level 10 in Short Blades
  3668 | D:4      | Found an opulent altar of Gozag.
  4259 | D:4      | Identified the +6 dagger of Famik {heavy, rPois rN+ Str-4
                  | Int+5}
  4484 | D:5      | Entered Level 5 of the Dungeon
  4867 | D:5      | Reached **** piety under Trog
  5252 | D:5      | Noticed Pikel
  5260 | D:5      | Reached XP level 9. HP: 51/51 MP: 9/9
  5685 | D:5      | Killed Pikel
  6047 | D:5      | Noticed Ijyb
  6049 | D:5      | Killed Ijyb
  6529 | D:6      | Reached skill level 10 in Stealth
  6609 | D:6      | Reached skill level 3 in Dodging
  6635 | D:6      | Found a staircase to the Ecumenical Temple.
  6735 | D:6      | Reached XP level 10. HP: 37/57 MP: 10/10
  6880 | D:6      | Reached skill level 4 in Dodging
  6913 | D:6      | Found a broken altar of Ashenzari.
  7007 | D:6      | Found a shadowy altar of Dithmenos.
  7195 | D:6      | Reached skill level 5 in Fighting
  7270 | D:7      | Found a sparkling altar of Nemelex Xobeh.
  7286 | D:7      | Reached skill level 5 in Dodging
  7438 | D:7      | Found a sacrificial altar of Ru.
  7577 | D:7      | Found an ancient bone altar of Kikubaaqudgha.
  7580 | D:7      | Found a white marble altar of Elyvilon.
  7622 | D:7      | Found a radiant altar of Vehumet.
  7750 | D:7      | Found a glowing silver altar of Zin.
  7750 | D:7      | Noticed an angel
  7791 | D:7      | Reached skill level 6 in Dodging
  8416 | D:8      | Noticed a death yak
  8572 | D:8      | Noticed a +0 falchion
  8572 | D:8      | Noticed a +0 falchion
  8573 | D:8      | Noticed a +0 short sword
  8573 | D:8      | Noticed a +0 dagger
  8574 | D:8      | Noticed a +0 dagger
  8574 | D:8      | Noticed a +0 spear
  8579 | D:8      | Noticed a +0 spear
  8604 | D:8      | Reached skill level 1 in Evocations
  8679 | D:8      | Noticed a death yak
  8694 | D:8      | Noticed a death yak
  8704 | D:8      | Killed a death yak
  8714 | D:8      | Noticed a death yak
  8720 | D:8      | Noticed a death yak
  8721 | D:8      | Killed a death yak
  8722 | D:8      | Reached XP level 11. HP: 46/66 MP: 11/11
  8727 | D:8      | Killed a death yak
  8728 | D:8      | Reached skill level 7 in Dodging
  8728 | D:8      | Noticed a death yak
  8730 | D:8      | Killed a death yak
  8742 | D:8      | Killed a death yak
  8780 | D:8      | Killed a death yak
  8781 | D:8      | Reached skill level 8 in Dodging
  8781 | D:8      | Reached skill level 5 in Evocations
  8793 | D:8      | Found a staircase to the Lair.
  8948 | D:8      | Found an iron altar of Okawaru.
  9038 | D:8      | Reached skill level 1 in Shields
  9054 | D:8      | Identified the +7 dagger "Giantslayer" {vamp, Str+6}
  9173 | D:8      | Noticed a +0 short sword
  9196 | D:8      | Found a hide-covered altar of Uskayaw.
  9341 | D:9      | Found a bloodstained altar of Trog.
  9378 | D:9      | Noticed Jeremiah
  9382 | D:9      | Killed Jeremiah
  9631 | D:9      | Noticed a centaur warrior
  9650 | D:9      | Killed a centaur warrior
  9685 | D:9      | Noticed a cyclops
  9689 | D:9      | Killed a cyclops
  9695 | D:9      | Noticed a two-headed ogre
  9699 | D:9      | Killed a two-headed ogre
  9700 | D:9      | Reached skill level 5 in Shields
  9700 | D:9      | Reached XP level 12. HP: 73/73 MP: 12/12
  9825 | D:9      | Identified the +1 rapier "Widowmaker" {freeze, rPois Int-3
                  | Stlth+}
 10462 | D:10     | Entered Level 10 of the Dungeon
 10583 | D:10     | Found a glowing golden altar of the Shining One.
 10811 | D:10     | Noticed Snorg
 10836 | D:10     | Killed Snorg
 11246 | D:10     | Found a shimmering blue altar of Sif Muna.
 11605 | D:11     | Found Natohet's Weapon Shoppe.
 11618 | D:11     | Found Caoryo's Distillery.
 11623 | D:11     | Bought a potion of heal wounds for 80 gold pieces
 11635 | D:11     | Noticed a boulder beetle
 11641 | D:11     | Killed a boulder beetle
 11959 | Lair:1   | Entered Level 1 of the Lair of Beasts
 12553 | Lair:1   | Reached skill level 1 in Shapeshifting
 13129 | Lair:2   | Reached XP level 13. HP: 78/78 MP: 13/13
 13164 | Lair:2   | Noticed a seven-headed hydra
 13174 | Lair:2   | Killed a seven-headed hydra
 13293 | Lair:2   | Found a staircase to the Shoals.
 13638 | Lair:2   | Found a runed translucent gate.
 13638 | Lair:2   | Found a runed translucent gate.
 13639 | Lair:2   | Found a runed translucent gate.
 13642 | Lair:2   | Noticed Livid's ghost (journeyman OpSh)
 14163 | Lair:2   | Reached skill level 10 in Shields
 14232 | Lair:2   | Noticed a 13-headed hydra
 14233 | Lair:2   | Noticed a 13-headed hydra
 14462 | Lair:3   | Noticed a catoblepas
 14500 | Lair:3   | Killed a catoblepas
 14501 | Lair:3   | Reached skill level 5 in Shapeshifting
 15194 | Lair:3   | Found a staircase to the Snake Pit.
 16045 | Lair:5   | Entered Level 5 of the Lair of Beasts
 16625 | Lair:5   | Reached XP level 14. HP: 83/83 MP: 14/14
 17225 | D:11     | Found Rischec's Armour Boutique.
 17791 | D:11     | Noticed Josephine
 17810 | D:11     | Killed Josephine
 18172 | D:12     | Found a gate leading to a gauntlet.
 18183 | Gauntlet | Entered a Gauntlet
 18183 | Gauntlet | Found a transporter.
 18252 | Gauntlet | Found a transporter.
 18265 | Gauntlet | Found a transporter.
 18282 | Gauntlet | Found a transporter.
 18292 | Gauntlet | Found a transporter.
 18299 | Gauntlet | Found a runed translucent door.
 18303 | Gauntlet | Found a transporter.
 18305 | Gauntlet | Found the +3 pair of gauntlets of War {Slay+5}
 18319 | Gauntlet | Found a transporter.
 18327 | Gauntlet | Found a transporter.
 18328 | Gauntlet | Found the ring of the Mage {Wiz Archmagi}
 18357 | Gauntlet | Found a transporter.
 18434 | Gauntlet | Found a transporter.
 18469 | Gauntlet | Found a transporter.
 18479 | Gauntlet | Found a transporter.
 18491 | Gauntlet | Found a transporter.
 18535 | Gauntlet | Found a transporter.
 18640 | Gauntlet | Identified 3 scrolls of acquirement
 18640 | Gauntlet | Acquired a +1 quick blade of venom
 18641 | Gauntlet | Acquired the +3 buckler of the Poles {rC+}
 18653 | Gauntlet | Acquired the +7 quick blade "Qenk" {flame, SInv}
 18747 | Gauntlet | Identified the +0 pair of gloves of Okawaru's Wrath {rPois
                  | rC+ rN+}
 18861 | Gauntlet | Identified the +12 falchion of the Head {flame, ^Contam
                  | rElec rN+ Str+2}
 18861 | Gauntlet | Noticed a minotaur
 18877 | Gauntlet | Killed a minotaur
 18883 | Gauntlet | Identified the ring of Joy {Will+ Str+4}
 19243 | D:12     | Found a staircase to the Orcish Mines.
 19742 | Orc:1    | Entered Level 1 of the Orcish Mines
 20189 | Orc:2    | Entered Level 2 of the Orcish Mines
 20218 | Orc:2    | Noticed Rupert
 20230 | Orc:2    | Killed Rupert
 20231 | Orc:2    | Reached skill level 10 in Shapeshifting
 20317 | Orc:2    | Found a staircase to the Elven Halls.
 20319 | Orc:2    | Found a flickering gateway to a bazaar.
 20350 | Bazaar   | Entered a bazaar
 20350 | Bazaar   | Found Plog's Magic Scroll Shoppe.
 20352 | Bazaar   | Found Paluelie's Jewellery Shoppe.
 20352 | Bazaar   | Found Loghuf's Jewellery Emporium.
 20355 | Bazaar   | Found Masihabu's Distillery.
 20369 | Bazaar   | Bought the amulet of Meido {Reflect rElec rN+ SH+5} for 337
                  | gold pieces
 20372 | Bazaar   | Bought a scroll of teleportation for 33 gold pieces
 20372 | Bazaar   | Bought a scroll of enchant armour for 82 gold pieces
 20372 | Bazaar   | Bought a scroll of identify for 22 gold pieces
 20372 | Bazaar   | Bought a scroll of identify for 22 gold pieces
 20386 | Bazaar   | Bought a potion of heal wounds for 60 gold pieces
 20386 | Bazaar   | Bought a potion of resistance for 120 gold pieces
 20386 | Bazaar   | Bought a potion of heal wounds for 60 gold pieces
 20386 | Bazaar   | Bought a potion of invisibility for 96 gold pieces
 20386 | Bazaar   | Bought a potion of haste for 120 gold pieces
 20386 | Bazaar   | Bought a potion of resistance for 120 gold pieces
 20386 | Bazaar   | Bought a potion of enlightenment for 60 gold pieces
 20386 | Bazaar   | Bought a potion of heal wounds for 60 gold pieces
 20386 | Bazaar   | Bought a potion of heal wounds for 60 gold pieces
 20395 | Bazaar   | Bought a ring of resist corrosion for 320 gold pieces
 21867 | Orc:2    | Found Nulep's Jewellery Shoppe.
 21884 | Orc:2    | Reached XP level 15. HP: 86/88 MP: 15/15
 21895 | Orc:2    | Found Xaotruca's General Store.
 21905 | Orc:2    | Found Zuwk's Assorted Antiques.
 21907 | Orc:2    | Found Leirudgh's Jewellery Shoppe.
 22489 | Lair:5   | Found a staircase to the Slime Pits.
 22490 | Lair:5   | Found a viscous altar of Jiyva.
 23061 | Lair:5   | Found a burning altar of Makhleb.
 23103 | Lair:5   | Found a gateway to Hell.
 24051 | Lair:2   | Killed Livid's ghost
 24241 | D:13     | Found a frozen archway.
 24254 | IceCv    | Entered an ice cave
 24493 | IceCv    | Noticed a reaper
 24507 | IceCv    | Killed a reaper
 24583 | IceCv    | Identified the +1 chain mail of the Ego {rPois rF+ rCorr}
 24671 | IceCv    | Reached ***** piety under Trog
 25131 | D:13     | Found a corrupted altar of Lugonu.
 25273 | D:13     | Found a runed translucent door.
 25273 | D:13     | Found a shimmering altar of Xom.
 25273 | D:13     | Noticed Gasan's ghost (journeyman DrFE)
 25833 | D:13     | Reached XP level 16. HP: 92/92 MP: 16/16
 26250 | Shoals:1 | Entered Level 1 of the Shoals
 26454 | Shoals:1 | Reached skill level 15 in Shapeshifting
 26655 | Shoals:1 | Found Ticotow's Antique Armour Boutique.
 26856 | Shoals:1 | Received a gift from Trog
 27469 | Shoals:2 | Noticed Ilsuiw
 27477 | Shoals:2 | Killed Ilsuiw
 27828 | Shoals:2 | Acquired the +2 pair of boots of the Ornamental God {rElec
                  | rF+ Int+6}
 27876 | Shoals:2 | Noticed Polyphemus
 27898 | Shoals:2 | Killed Polyphemus
 28482 | Shoals:3 | Reached skill level 9 in Dodging
 28761 | Shoals:3 | Noticed Donald
 28773 | Shoals:3 | Killed Donald
 29292 | Shoals:3 | Noticed Louise
 29325 | Shoals:3 | Killed Louise
 29576 | Shoals:4 | Entered Level 4 of the Shoals
 29688 | Shoals:4 | Reached XP level 17. HP: 100/100 MP: 17/17
 29837 | Shoals:4 | Reached skill level 15 in Short Blades
 30146 | Shoals:4 | Acquired a manual of Long Blades
 30177 | Shoals:4 | Found a glowing silver altar of Zin.
 30272 | Shoals:4 | Found a glowing golden altar of the Shining One.
 30405 | Shoals:4 | Reached skill level 10 in Dodging
 30451 | Shoals:4 | Noticed Mlioglotl
 30455 | Shoals:4 | Noticed an ancient lich
 30512 | Shoals:3 | Killed Mlioglotl
 30580 | Shoals:4 | Identified the +5 scimitar of the Dwarven Hall {venom,
                  | rCorr Str+6}
 30685 | Shoals:3 | Reached skill level 10 in Fighting
 30796 | Shoals:4 | Got a barnacled rune of Zot
 30922 | Snake:1  | Entered Level 1 of the Snake Pit
 31044 | Snake:1  | Noticed Nikola
 31048 | Snake:1  | Killed Nikola
 31086 | Snake:1  | Found Ygian's Magic Scroll Shoppe.
 31089 | Snake:1  | Found Renis's Weapon Emporium.
 31101 | Snake:1  | Found Nawkolul's Jewellery Shoppe.
 31107 | Snake:1  | Found Uzxiogiu's General Store.
 31130 | Snake:1  | Identified the serpent talisman "Aphetyro" {Dex+4}
 31130 | Snake:1  | Noticed Aizul
 31166 | Snake:1  | Killed Aizul
 31175 | Snake:1  | Reached skill level 11 in Dodging
 31500 | Snake:1  | Reached skill level 15 in Stealth
 31648 | Snake:1  | Found Cedes's Gadget Gallery.
 32120 | Snake:2  | Reached XP level 18. HP: 110/110 MP: 18/18
 32473 | Snake:2  | Reached skill level 12 in Dodging
 33897 | Snake:3  | Reached skill level 10 in Evocations
 34007 | Snake:3  | Found Kymeuq's General Store.
 34012 | Snake:3  | Bought a phantom mirror for 520 gold pieces
 34012 | Snake:3  | Bought a sack of spiders for 520 gold pieces
 34137 | Snake:3  | Reached skill level 13 in Dodging
 34233 | Snake:4  | Entered Level 4 of the Snake Pit
 34312 | Snake:4  | Found a bloodstained altar of Trog.
 35705 | Snake:4  | Received a gift from Trog
 35795 | Snake:4  | Noticed a quicksilver dragon
 35807 | Snake:4  | Killed a quicksilver dragon
 35820 | Snake:4  | Reached XP level 19. HP: 62/119 MP: 19/19
 36043 | Snake:4  | Got a serpentine rune of Zot
 36713 | D:14     | Reached skill level 14 in Dodging
 36729 | D:14     | Found a gate to the Vaults.
 37349 | D:15     | Entered Level 15 of the Dungeon
 37486 | D:15     | Found a portal to a secret trove of treasure.
 37661 | D:15     | Found a staircase to the Depths.
 38119 | D:15     | Noticed Kirke
 38126 | D:15     | Killed Kirke
 38127 | D:15     | Reached skill level 15 in Dodging
 38168 | D:15     | Acquired a manual of Evocations
 38708 | Vaults:1 | Entered Level 1 of the Vaults
 38878 | Vaults:1 | Found Leth's Jewellery Emporium.
 39593 | Vaults:1 | Found Levele's General Store.
 39596 | Vaults:1 | Bought 3 potions of heal wounds for 225 gold pieces
 39857 | Vaults:1 | Found Bozergh's Weapon Shoppe.
 40062 | Vaults:1 | Received a gift from Trog
 40551 | Vaults:2 | Reached XP level 20. HP: 115/128 MP: 20/20
 40878 | Vaults:2 | Identified the ring "Yluor" {Ice Will+}
 40929 | Vaults:2 | Found the +3 Mad Mage's Maulers {Infuse+∞ VampMP -Cast}
 41442 | Vaults:2 | Received a gift from Trog
 42135 | Vaults:3 | Found a runed translucent gate.
 42135 | Vaults:3 | Found a runed translucent gate.
 42137 | Vaults:3 | Found a runed translucent gate.
 42763 | Vaults:3 | Found a staircase to the Crypt.
 42927 | Vaults:3 | Noticed Hacaob's ghost (adept MiFi)
 43411 | Vaults:3 | Killed Hacaob's ghost
 43863 | Vaults:4 | Reached XP level 21. HP: 133/133 MP: 21/21
 43868 | Vaults:4 | Reached skill level 15 in Shields
 44026 | Vaults:4 | Reached skill level 15 in Fighting
 44059 | Vaults:4 | Reached skill level 16 in Dodging
 44170 | Vaults:4 | Received a gift from Trog
 44865 | Vaults:4 | Identified the +5 scimitar "Oprinan" {distort, Will+ Str+2}
 45451 | Elf:1    | Entered Level 1 of the Elven Halls
 45589 | Elf:1    | Found a crumbling gateway.
 45604 | Desolati | Entered the Desolation of Salt
 45664 | Desolati | Reached skill level 17 in Dodging
 45666 | Desolati | Got the Guidebook on Comburant Impulse
 45777 | Desolati | Got the Tractate on Vile Attendants
 45797 | Desolati | Received a gift from Trog
 45803 | Desolati | Identified the +4 chain mail of Syndicalism {rPois Int+2}
 45807 | Desolati | Got Giagoavuo's Directory of Arson
 45873 | Desolati | Got the Folio of Allies
 45939 | Desolati | Identified the ring "Cakoep" {Fire *Slow rPois rCorr SInv
                  | Stlth+}
 46386 | Desolati | Reached XP level 22. HP: 100/143 MP: 22/22
 46401 | Desolati | Identified the +8 hand axe of Ru's Envy {freeze, rF- rCorr
                  | Dex-4 SInv}
 46657 | Desolati | Received a gift from Trog
 46846 | Desolati | Identified the +0 scale mail of Intuition {+Blink rC+
                  | Will++ Str+2}
 47436 | Desolati | Got Mupenul's Encyclopedia of Limned Immolation
 47582 | Elf:1    | Reached skill level 18 in Dodging
 47931 | Elf:1    | Received a gift from Trog
 48189 | Elf:1    | Found a huge runed translucent gate.
 48190 | Elf:1    | Found a huge runed translucent gate.
 48190 | Elf:1    | Found a huge runed translucent gate.
 48190 | Elf:1    | Found a huge runed translucent gate.
 48250 | Elf:1    | Found a huge runed translucent gate.
 48251 | Elf:1    | Found a huge runed translucent gate.
 48251 | Elf:1    | Found a huge runed translucent gate.
 48544 | Elf:1    | Found a huge runed translucent gate.
 48546 | Elf:1    | Identified the +6 double sword of the Shallot {heavy, Fly
                  | rC++ Str+3 Stlth+}
 49007 | Elf:2    | Noticed Norris
 49123 | Elf:2    | Killed Norris
 49522 | Elf:2    | Found Haheliorgh's Assorted Antiques.
 49914 | Elf:2    | Found a huge runed translucent gate.
 49914 | Elf:2    | Found a huge runed translucent gate.
 49914 | Elf:2    | Found a huge runed translucent gate.
 49914 | Elf:2    | Found a huge runed translucent gate.
 49921 | Elf:2    | Found a huge runed translucent gate.
 50133 | Elf:2    | Received a gift from Trog
 50269 | Elf:2    | Reached skill level 5 in Armour
 50970 | Elf:3    | Entered Level 3 of the Elven Halls
 51324 | Elf:3    | Received a gift from Trog
 51561 | Elf:3    | Reached XP level 23. HP: 120/150 MP: 23/23
 52333 | Elf:3    | Identified the +0 glaive of Reinforcement {heavy, MP+9}
 52502 | Elf:3    | Identified the +10 spear "Dietruce" {flame, Str+4}
 52936 | Elf:3    | Received a gift from Trog
 53097 | Elf:3    | Identified the +6 scale mail of the Thinker {Harm rF++
                  | Int+3 Dex-3}
 53144 | Elf:3    | Identified the +10 flail "Ejagedd" {spect, Str+2}
 53978 | Slime:1  | Entered Level 1 of the Pits of Slime
 54195 | Slime:2  | Gained mutation: You occasionally lose the ability to read
                  | scrolls when taking damage. [a shining eye]
 54256 | Slime:2  | Reached skill level 10 in Armour
 54376 | Slime:3  | Received a gift from Trog
 54517 | Slime:5  | Entered Level 5 of the Pits of Slime
 55898 | Slime:5  | Gained mutation: You occasionally lose the ability to drink
                  | potions when taking damage. [a shining eye]
 56089 | Slime:5  | Lost mutation: You occasionally lose the ability to read
                  | scrolls when taking damage. [potion of mutation]
 56089 | Slime:5  | Lost mutation: You occasionally lose the ability to drink
                  | potions when taking damage. [potion of mutation]
 56089 | Slime:5  | Gained mutation: You are vulnerable to heat. (rF-) [potion
                  | of mutation]
 56089 | Slime:5  | Gained mutation: You are partially covered in iridescent
                  | scales. (AC +2) [potion of mutation]
 56089 | Slime:5  | Gained mutation: You sometimes lose your temper in combat.
                  | [potion of mutation]
 56097 | Slime:5  | Found the +18 shield of the Gong {Loud rN+ Will+ rCorr
                  | EV-5}
 56155 | Slime:5  | Found a viscous altar of Jiyva.
 56156 | Slime:5  | Noticed the Royal Jelly
 56184 | Slime:5  | Killed the Royal Jelly
 56284 | Slime:5  | Identified the +1 quarterstaff of Woe {freeze, rElec}
 56304 | Slime:5  | Identified the +6 scale mail of the Saviour {Rampage Dex+2}
 56319 | Slime:5  | Identified the amulet of Knowledge {Acrobat rPois rF+++
                  | Str-2}
 56509 | Slime:5  | Identified the +1 leather armour of the Tired Underlurkers
                  | {*Corrode rElec Will+}
 56517 | Slime:5  | Got a slimy rune of Zot
 56529 | Slime:5  | Identified the +6 long sword "Xebuguh" {heavy, Dex+5}
 56638 | Slime:5  | Lost mutation: You sometimes lose your temper in combat.
                  | [potion of mutation]
 56638 | Slime:5  | Lost mutation: You are vulnerable to heat. (rF-) [potion of
                  | mutation]
 56638 | Slime:5  | Gained mutation: You have hidden genetic potential. [potion
                  | of mutation]
 56638 | Slime:5  | Gained mutation: Your flesh is heat resistant. (rF+)
                  | [potion of mutation]
 56935 | Orc:2    | Bought the ring of Fatun {*Slow rN++ AC+4} for 814 gold
                  | pieces
 57070 | Depths:1 | Entered Level 1 of the Depths
 57129 | D:15     | You showed the slimy rune of Zot to enter a treasure trove
 57130 | Trove    | Entered a treasure trove
 57150 | Trove    | Identified the +2 pair of gloves of Tender Moments {+Inv
                  | Fly Will++ Str-5}
 57160 | Trove    | Identified the +0 chain mail of the Chimera {rPois rN+++
                  | Will-}
 57177 | D:15     | Acquired 1056 gold pieces
 57179 | D:15     | Acquired a manual of Evocations
 57358 | Vaults:1 | Bought a wand of light (6) for 378 gold pieces
 57358 | Vaults:1 | Bought a potion of mutation for 120 gold pieces
 57513 | Orc:2    | Bought a potion of haste for 140 gold pieces
 57797 | Shoals:4 | Reached skill level 1 in Long Blades
 57859 | Shoals:4 | Reached XP level 24. HP: 145/156 MP: 23/23
 57982 | Shoals:4 | Found a white marble altar of Elyvilon.
 58039 | Shoals:4 | Identified the ring of Law {rElec rPois rN+ Dex-5 SInv}
 58091 | Shoals:4 | Reached skill level 5 in Long Blades
 58687 | D:13     | Killed Gasan's ghost
 59396 | Depths:1 | Noticed Mara
 59422 | Depths:1 | Killed Mara
 60036 | Depths:1 | Found a one-way gate leading to the halls of Pandemonium.
 60179 | Depths:1 | Reached skill level 10 in Long Blades
 60745 | Depths:2 | Received a gift from Trog
 60873 | Depths:2 | Found a one-way gate to the infinite horrors of the Abyss.
 61185 | Depths:2 | Found a sparkling altar of Nemelex Xobeh.
 62034 | Depths:2 | Identified the ring of Conversion {rPois rF+ rC++ Str-4
                  | Slay-3}
 62099 | Depths:2 | Reached skill level 19 in Dodging
 62111 | Depths:2 | Gained mutation: You possess an exceptional clarity of
                  | mind. [hidden potential]
 62222 | Depths:2 | Reached XP level 25. HP: 162/162 MP: 23/23
 62430 | Depths:2 | Noticed Jory
 62434 | Depths:2 | Killed Jory
 62436 | Depths:2 | Received a gift from Trog
 62446 | Depths:2 | Identified the +0 storm dragon scales of Manemn {+Blink
                  | rElec Regen+ Dex+2 Stlth+}
 63330 | Depths:3 | Found a shimmering altar of Xom.
 63546 | Depths:3 | Reached skill level 15 in Evocations
 63601 | Depths:3 | Noticed Sojobo
 63615 | Depths:3 | Killed Sojobo
 63624 | Depths:3 | Reached ****** piety under Trog
 63864 | Depths:3 | Identified the +1 chain mail "Letom" {rPois rC+ Str-3}
 64105 | Depths:3 | Identified the +1 ring mail of Darkness {Str+6 Int+6 Dex-3}
 64235 | Depths:3 | Received a gift from Trog
 64668 | Depths:4 | Entered Level 4 of the Depths
 64675 | Depths:4 | Found a one-way gateway to a ziggurat.
 64887 | Depths:4 | Noticed the Enchantress
 64922 | Depths:4 | Killed the Enchantress
 65076 | Depths:4 | Noticed a caustic shrike
 65076 | Depths:4 | Noticed a caustic shrike
 65076 | Depths:4 | Noticed a caustic shrike
 65077 | Depths:4 | Noticed a caustic shrike
 65079 | Depths:4 | Noticed a caustic shrike
 65085 | Depths:4 | Killed a caustic shrike
 65087 | Depths:4 | Killed a caustic shrike
 65093 | Depths:4 | Killed a caustic shrike
 65111 | Depths:4 | Killed a caustic shrike
 65120 | Depths:4 | Killed a caustic shrike
 65125 | Depths:4 | Gained mutation: You have a somewhat thin skeletal
                  | structure. (Dex +2, Stealth+) [hidden potential]
 65125 | Depths:4 | Lost mutation: You have hidden genetic potential. [hidden
                  | potential expressed]
 65695 | Depths:4 | Reached XP level 26. HP: 151/172 MP: 23/23
 65894 | Depths:4 | Found a gate to the Realm of Zot.
 66413 | Depths:4 | Acquired a manual of Long Blades
 68169 | Snake:1  | Bought a scroll of enchant weapon for 112 gold pieces
 68169 | Snake:1  | Bought 3 scrolls of teleportation for 135 gold pieces
 68169 | Snake:1  | Bought a scroll of fog for 60 gold pieces
 68169 | Snake:1  | Bought a scroll of torment for 142 gold pieces
 68169 | Snake:1  | Bought a scroll of fear for 60 gold pieces
 68179 | Snake:1  | Bought a potion of curing for 51 gold pieces
 68398 | D:11     | Bought a potion of lignification for 48 gold pieces
 68398 | D:11     | Bought a potion of lignification for 48 gold pieces
 68398 | D:11     | Bought a potion of ambrosia for 128 gold pieces
 68575 | Zot:1    | Entered Level 1 of the Realm of Zot
 68594 | Depths:4 | Reached skill level 20 in Dodging
 69157 | Zot:1    | Identified the +4 short sword of Modesty {protect, rCorr
                  | Str+3}
 69342 | Zot:1    | Noticed a curse toe
 69513 | Zot:1    | Acquired the +8 autumn katana {manifold assault}
 69513 | Zot:1    | Found the +8 autumn katana {manifold assault}
 69533 | Zot:1    | Noticed a curse toe
 69689 | Zot:1    | Killed a curse toe
 69799 | Zot:1    | Killed a curse toe
 70625 | Zot:1    | Identified the +2 broad axe of Mana {heavy, Will+ rCorr
                  | Int+2}
 70752 | Zot:1    | Received a gift from Trog
 72106 | Zot:2    | Gained mutation: You occasionally shout uncontrollably at
                  | your foes. [mutagenic glow]
 72126 | Zot:1    | Lost mutation: Your flesh is heat resistant. (rF+)
                  | [mutagenic glow]
 72728 | Zot:2    | Reached XP level 27. HP: 94/179 MP: 23/23
 73246 | Zot:3    | Acquired a manual of Long Blades
 74255 | Zot:5    | Entered Level 5 of the Realm of Zot
 74829 | Zot:4    | Found a runed translucent gate.
 74830 | Zot:4    | Found a runed translucent gate.
 74831 | Zot:4    | Found a runed translucent gate.
 75162 | Zot:4    | Identified the +1 swamp dragon scales of Cechioby {Fly
                  | rPois}
 75243 | Zot:4    | Reached skill level 21 in Dodging
 76069 | Zot:4    | Noticed Sebriys's ghost (legendary TrBe)
 76135 | Zot:5    | Identified the +2 plate armour "Zuigadeahoa" {rPois Int+3
                  | Dex+3}
 76409 | Zot:5    | Noticed a dread lich
 76413 | Zot:5    | Noticed an orb of fire
 76414 | Zot:5    | Noticed an ancient lich
 76419 | Zot:5    | Killed a dread lich
 76419 | Zot:5    | Noticed an orb of fire
 76424 | Zot:5    | Gained mutation: You are dopey. (Int -2) [an orb of fire]
 76440 | Zot:5    | Killed an orb of fire
 76445 | Zot:5    | Lost mutation: You are partially covered in iridescent
                  | scales. (AC +2) [an orb of fire]
 76449 | Zot:5    | Gained mutation: You are vulnerable to cold. (rC-) [an orb
                  | of fire]
 76456 | Zot:5    | Noticed a Killer Klown
 76457 | Zot:5    | Killed an orb of fire
 76459 | Zot:5    | Noticed an ancient lich
 76462 | Zot:5    | Noticed an ancient lich
 76465 | Zot:5    | Killed an ancient lich
 76466 | Zot:5    | Noticed a dread lich
 76474 | Zot:5    | Killed an ancient lich
 76476 | Zot:5    | Noticed a dread lich
 76490 | Zot:5    | Killed an ancient lich
 76501 | Zot:5    | Killed a dread lich
 76502 | Zot:5    | Noticed an orb of fire
 76507 | Zot:5    | Noticed a dread lich
 76512 | Zot:5    | Killed a dread lich
 76518 | Zot:5    | Noticed a Killer Klown
 76522 | Zot:5    | Noticed a dread lich
 76527 | Zot:5    | Gained mutation: You are very dopey. (Int -4) [an orb of
                  | fire]
 76536 | Zot:5    | Killed a Killer Klown
 76542 | Zot:5    | Gained mutation: You are weak. (Str -2) [an orb of fire]
 76545 | Zot:5    | Lost mutation: You possess an exceptional clarity of mind.
                  | [an orb of fire]
 76550 | Zot:5    | Gained mutation: You occasionally lose the ability to drink
                  | potions when taking damage. [an orb of fire]
 76554 | Zot:5    | Killed an orb of fire
 76557 | Zot:5    | Noticed a dread lich
 76574 | Zot:5    | Killed a dread lich
 76575 | Zot:5    | Reached skill level 22 in Dodging
 76576 | Zot:5    | Noticed a Killer Klown
 76579 | Zot:5    | Killed a dread lich
 76584 | Zot:5    | Noticed an orb of fire
 76586 | Zot:5    | Killed a dread lich
 76900 | Zot:4    | Lost mutation: You are very dopey. (Int -4) [potion of
                  | mutation]
 76900 | Zot:4    | Lost mutation: You are vulnerable to cold. (rC-) [potion of
                  | mutation]
 76900 | Zot:4    | Gained mutation: You are agile. (Dex +4, Str/Int -1)
                  | [potion of mutation]
 76900 | Zot:4    | Gained mutation: You are partially covered in iridescent
                  | scales. (AC +2) [potion of mutation]
 76901 | Zot:4    | Lost mutation: You occasionally shout uncontrollably at
                  | your foes. [potion of mutation]
 76901 | Zot:4    | Lost mutation: You are dopey. (Int -2) [potion of mutation]
 76901 | Zot:4    | Gained mutation: You are very weak. (Str -4) [potion of
                  | mutation]
 76901 | Zot:4    | Gained mutation: You are frail. (-10% HP) [potion of
                  | mutation]
 76901 | Zot:4    | Gained mutation: You have an increased reservoir of magic.
                  | (+10% MP) [potion of mutation]
 76902 | Zot:4    | Lost mutation: You are very weak. (Str -4) [potion of
                  | mutation]
 76902 | Zot:4    | Lost mutation: You occasionally lose the ability to drink
                  | potions when taking damage. [potion of mutation]
 76902 | Zot:4    | Lost mutation: You are weak. (Str -2) [potion of mutation]
 76902 | Zot:4    | Gained mutation: You possess an exceptional clarity of
                  | mind. [potion of mutation]
 76902 | Zot:4    | Gained mutation: You have a moderately thin skeletal
                  | structure. (Dex +4, Stealth++) [potion of mutation]
 77285 | Zot:5    | Killed a Killer Klown
 77301 | Zot:5    | Noticed a Killer Klown
 77323 | Zot:5    | Killed a Killer Klown
 77461 | Zot:5    | Killed a Killer Klown
 78528 | Zot:5    | Got the Orb of Zot
 78551 | Zot:5    | Noticed a seraph
 78574 | Zot:4    | Noticed a seraph
 78745 | Depths:2 | Lost mutation: You are agile. (Dex +4, Str/Int -1) [a
                  | cacodemon]
 78746 | Depths:2 | Gained mutation: You are weak. (Str -2) [a cacodemon]
 79068 | D:4      | Noticed Utoonat the pandemonium lord
 79088 | D:3      | Killed Utoonat the pandemonium lord
 79163 | D:$      | Escaped with the Orb!

Illustrated notes

Levels and vault maps discovered:
D:1:      dpeg_arrival_rooms_b, layout_loops_cross, eino_curves_01
D:2:      layout_loops_ring
D:3:      layout_loops_cross, marbit_many_paths, nicolae_overflow_hidden_temple,
          uniq_grinder
D:4:      layout_basic, mainiacjoe_overflow_six_doors_small,
          nicolae_ossuary_entry_giza, kennysheep_decorative_pillar,
          kennysheep_generic_room_11, uniq_duvessa
D:5:      layout_layer_cave, blue_anna_alchemist, uniq_pikel, uniq_ijyb
D:6:      layout_loops_ring, amcnicky_altar_gilded, old_standard_altar,
          temple_fountains, minmay_increasing_density
D:7:      layout_basic, overflow_temple_1_default,
          nicolae_ru_sacrificial_ziggurat, grunt_temple_overflow_open, zin_angel
D:8:      layout_loops_ring, pf_just_have_faith, nicolae_uskayaw_en_pointe,
          dpeg_lair_monsters, kennysheep_generic_room_7
D:9:      kennysheep_blocky_room, layout_irregular_city,
          mainiacjoe_overflow_cross_hatched, uniq_jeremiah
D:10:     layout_loops_cross, nicolae_tso_swordbearing_angel, led_sif_book,
          serial_glass, glass_columns_a, glass_columns_b, uniq_snorg
D:11:     layout_roguey, serial_shops, nicolae_shop_bloodbath_and_beyond,
          nicolae_shop_peninsula, shop, uniq_josephine
D:12:     layout_loops_corners, orc_0_dummy, gauntlet_entry_generic
D:13:     layout_small_grid, portal_ice_cave_entry_pillars_2, ebering_ghost_xom,
          marbit_kobold_abyssish
D:14:     layout_basic, erik_vaults_2, minmay_misc_feat_encased
D:15:     gammafunk_depths_entry_grave, layout_irregular_city, enter_trove_0,
          minmay_fractal_squares_gapless_5, uniq_kirke
Lair:1:   layout_hall_layers
Lair:2:   layout_cave_pods, shoals_dummy_entry, gammafunk_ghost_hydra_chop,
          small_statue_intersection
Lair:3:   layout_roguey, alex1729_snake_entry_snake, serial_bayou_shore_a
Lair:4:   layout_loops_ring
Lair:5:   evil_forest, layout_regular_city, slime_entry_1, grunt_megastairs_1
Shoals:1: layout_shoals, serial_shops, shop
Shoals:2: layout_shoals, uniq_ilsuiw, uniq_polyphemus
Shoals:3: layout_shoals, uniq_louise, uniq_donald
Shoals:4: shoals_end_hellmonk_holy_island, uniq_mlioglotl
Snake:1:  layout_grid_shapes, grunt_ministairs_15, nicolae_shop_gadgets,
          minmay_shoptagon, uniq_nikola, uniq_aizul
Snake:2:  layout_layer_cave
Snake:3:  layout_honeycomb, serial_shops, shop
Snake:4:  hellmonk_snake_rune_quicksilver_temple, layout_misc_corridors,
          basic_altar
Slime:1:  layout_caves, nicolae_slime_phagocytosis
Slime:2:  layout_caves, basic_altar
Slime:3:  layout_caves
Slime:4:  layout_caves
Slime:5:  slime_pit
Orc:1:    layout_diamond_mine, nicolae_orc_flooded_monolith,
          nicolae_orc_damp_corner
Orc:2:    st_orc_elflike, layout_diamond_mine, serial_shops, bzr_entry_water,
          uniq_rupert
Elf:1:    nicolae_elf_arrival_no_cutting_in_line, layout_geoelf_octagon,
          portal_desolation_entry_ruin, nicolae_elf_blasts_and_bolts,
          nicolae_elf_double_double_double_trouble
Elf:2:    elven_hall_of_blades_hangedman_alternative
          [infiniplex_blade_entry_pillars], layout_onion_city, serial_shops,
          shop, minmay_misc_feat_rows, uniq_norris
Elf:3:    minmay_elf_hall_curves, layout_geoelf_diagonals
Vaults:1: dpeg_vaults_monster_row, nicolae_vaults_storage_room_glass,
          nicolae_vaults_prndl, nicolae_vaults_heist, nicolae_vaults_house_2,
          nicolae_vaults_double_plus_3, layout_vaults_omnigrid, serial_shops,
          shop, shop, nicolae_shop_real_fake_doors
Vaults:2: st_lines, vaults_room_corners, nicolae_vaults_wine_cellar,
          ontoclasm_vaults_gateway, nicolae_vaults_alarming,
          nicolae_vaults_spaceships, nicolae_vaults_little_ls,
          layout_vaults_omnicross
Vaults:3: ebering_ghost_rock_garden, ontoclasm_vaults_fault,
          vaults_room_semicircle, vaults_mumra_minichess,
          nicolae_vaults_trapezoid_4, vaults_room_corners, v_misc_33,
          vaults_dpeg_spiral, vaults_mumra_hexcomb,
          nicolae_vaults_security_offices_1, layout_vaults_big_room
Vaults:4: st_hourglassy, nicolae_vaults_tangram_1,
          nicolae_vaults_hexular_roomagon, vaults_room_hallway,
          nicolae_vaults_diagonal_hallway_7, grunt_vaults_bifocal,
          hangedman_vaults_trim, nicolae_vaults_network_periphery,
          nicolae_vaults_mini_display_case, nicolae_vaults_little_squares_4,
          layout_vaults_maze_snakey
Depths:1: layout_gridlike, chequers_serial_rivers_small_3,
          rand_demon_pan_entry_9, hell_entry, minmay_liquid_box,
          kennysheep_generic_room_5, uniq_mara
Depths:2: due_jory_tower, layout_gridlike, hell_entry, abyss_entry,
          nemelex_altar_shiori, grunt_pan_entry_sceptre, dreamdust_wishing_well
Depths:3: minmay_bubble_buster, layout_gridlike, abyss_entry, xom_teletrap_fun,
          grunt_hell_entry_demonic_statue, dreamdust_looks_like_rain,
          uniq_sojobo
Depths:4: evilmike_zot_entry_diamond, layout_basic, enter_ziggurat_e,
          pf_vacation_house_of_asmodeus, grunt_pan_entry_in_and_out,
          abyss_entry, minmay_misc_feat_hallway, grunt_decor_fettered,
          hangedman_abyss_or_decor_stagger, serial_sigils_hangedman_quiver,
          hangedman_aviary, serial_bayou_shore_b, uniq_enchantress
Zot:1:    hangedman_snap_crack_crunch, layout_concentric_octagons,
          uniq_josephina
Zot:2:    layout_misc_corridors
Zot:3:    layout_basic
Zot:4:    layout_onion_interference, gammafunk_ghost_ooze,
          regret_index_zotdec_decaying_basic, grunt_ministairs_10
Zot:5:    layout_gridlike, grunt_ministairs_10

Skill      XL: |  1  2  3  4  5  6  7  8  9 10 11 12 13 14 15 16 17 18 19 20 21 22 23 24 25 26 27 |
---------------+----------------------------------------------------------------------------------+-----
Stealth        | 1 2 3 5 6 8 10 12 13 15 16 17 | 17.9
Short Blades   | 5 6 7 8 9 11 13 14 15 16 17 | 17.5
Dodging        | 3 6 8 9 11 13 15 17 18 19 20 22 | 22.8
Fighting       | 4 6 7 9 11 13 14 16 17 19 20 21 | 21.9
Evocations     | 3 5 8 11 12 13 16 | 16.1
Throwing       | 2 4 |  4.6
Shields        | 5 9 11 12 14 15 16 17 | 17.9
Shapeshifting  | 2 7 11 14 16 | 16.0
Armour         | 6 12 14 | 14.2
Long Blades    | 1 12 13 14 | 14.8

Action                     |  1- 3 |  4- 6 |  7- 9 | 10-12 | 13-15 | 16-18 | 19-21 | 22-24 | 25-27 || total
---------------------------+-------+-------+-------+-------+-------+-------+-------+-------+-------++-------
  Melee: Short sword       |    88 |    88 |    97 |    30 |       |       |       |       |       ||   303
         Punch             |     1 |     1 |     4 |     2 |       |       |       |       |       ||     8
         Dagger            |       |    61 |   232 |   507 |   828 |       |       |       |       ||  1628
         Rapier            |       |       |       |    40 |       |       |       |       |       ||    40
         Quick blade       |       |       |       |       |   894 |  1931 |  2455 |  3071 |  2906 || 11257
         Long sword        |       |       |       |       |       |       |       |       |    39 ||    39
         Katana            |       |       |       |       |       |       |       |       |   622 ||   622
  Throw: Dart              |       |       |     8 |    17 |     6 |     9 |       |    26 |    57 ||   123
         Boomerang         |       |       |       |       |     7 |     2 |       |       |       ||     9
 Invoke: Berserk           |     1 |     1 |     3 |     6 |    16 |     9 |     4 |     8 |    13 ||    61
         Trog's Hand       |       |       |     6 |     9 |    20 |    17 |    10 |    16 |    24 ||   102
         Brothers in Arms  |       |       |       |     1 |       |     3 |     7 |     4 |     6 ||    21
Ability: Evoke Blink       |       |       |       |       |       |       |       |       |     1 ||     1
  Evoke: Wand              |       |       |     2 |     9 |    26 |     2 |       |    46 |    19 ||   104
         Lightning rod     |       |       |       |       |     2 |       |     1 |       |     1 ||     4
         Sack of spiders   |       |       |       |       |       |       |       |     3 |     1 ||     4
         Phantom mirror    |       |       |       |       |       |       |       |     1 |     2 ||     3
    Use: Scroll            |     4 |       |     7 |     6 |    18 |     9 |     4 |    13 |    23 ||    84
         Potion            |       |       |     2 |     2 |     6 |     6 |     1 |    12 |    45 ||    74
   Stab: Sleeping          |    16 |    20 |    32 |    50 |    46 |    60 |    93 |    78 |    58 ||   453
         Invisible         |       |       |     1 |     8 |     7 |     5 |       |     5 |    14 ||    40
         Distracted        |       |       |     1 |     2 |     6 |    12 |     5 |    12 |    14 ||    52
         Petrified         |       |       |       |       |     2 |       |       |       |       ||     2
         Petrifying        |       |       |       |       |       |     1 |       |       |       ||     1
         Held in net/web   |       |       |       |       |       |       |       |     2 |       ||     2
 Armour: Animal skin       |    18 |       |       |       |       |       |       |       |       ||    18
         Ring mail         |     3 |    43 |    33 |       |       |       |       |       |       ||    79
         Leather armour    |       |       |    63 |   116 |   203 |    14 |   192 |    29 |       ||   617
         Acid dragon scale |       |       |       |       |     8 |       |       |       |       ||     8
         Skin              |       |       |       |       |       |   345 |    11 |       |    27 ||   383
         Scale mail        |       |       |       |       |       |       |       |   365 |   596 ||   961
  Dodge: Dodged            |    42 |    60 |   121 |   331 |   583 |   642 |   402 |   553 |  1065 ||  3799
  Block: Kite shield       |       |       |       |    61 |   346 |  1080 |   847 |   921 |  1547 ||  4802
         Buckler           |       |       |       |    66 |   196 |       |       |       |       ||   262
         Reflection        |       |       |       |       |    11 |    53 |    38 |    32 |    10 ||   144
   Form: Statue            |       |       |       |       |     2 |     1 |     2 |     1 |       ||     6
                           |       |       |       |       |     1 |     2 |     2 |     1 |       ||     6
